[Event "Titled Tuesday Blitz July 25 Early 2023"]
[White "Antonio, Rogelio Jr"]
[Black "Tobak, Mikhail"]
[WhiteFideId "5200032"]
[BlackFideId "14165570"]
[WhiteElo "2693"]
[BlackElo "2412"]
[Result "1/2-1/2"]
[Round "4"]
[TimeControl "180+2"]
[Date "2023.07.25"]
[WhiteClock "0:01:24"]
[BlackClock "0:00:49"]
[Board "96"]

1. e4 Nf6 2. e5 Nd5 3. d4 d6 4. Nf3 Bg4 5. Be2 c6 6. O-O Bxf3 7. Bxf3 dxe5 8. dxe5 e6 9. c4 Ne7 10. Qe2 Ng6 11. Bh5 Nd7 12. f4 Bc5+ 13. Kh1 Qh4 14. g3 Qe7 15. Nc3 O-O-O 16. Ne4 f5 17. Nxc5 Nxc5 18. Be3 Kb8 19. Rad1 Ne4 20. Bf3 h5 21. Bxe4 fxe4 22. Qf2 b6 23. Bxb6 Rxd1 24. Rxd1 axb6 25. Qxb6+ Qb7 26. Rd8+ Rxd8 27. Qxd8+ Ka7 28. Qa5+ Kb8 29. Qd8+ Ka7 30. Qa5+ Kb8 31. Qd8+ 1/2-1/2


[Site "https://www.chess.com"]

[Event "Titled Tuesday Blitz July 25 Early 2023"]
[White "Gorovets, Andrey"]
[Black "Omariev, Maksim"]
[WhiteFideId "13504037"]
[BlackFideId "4193423"]
[WhiteElo "2682"]
[BlackElo "2403"]
[Result "1-0"]
[Round "4"]
[TimeControl "180+2"]
[Date "2023.07.25"]
[WhiteClock "0:00:12"]
[BlackClock "0:00:03"]
[Board "97"]

1. Nf3 d5 2. d4 c6 3. g3 Nf6 4. c4 dxc4 5. Bg2 b5 6. O-O Bb7 7. Ne5 e6 8. a4 a6 9. Nc3 Nd5 10. e4 Nxc3 11. bxc3 Nd7 12. f4 Be7 13. Ng4 O-O 14. e5 Qb6 15. f5 exf5 16. a5 Qa7 17. Rxf5 g6 18. Nh6+ Kg7 19. Qf3 gxf5 20. Nxf5+ Kh8 21. Nxe7 Rae8 22. Bg5 f6 23. exf6 Rf7 24. Qh5 Rff8 25. Qh6 Rf7 26. Re1 Qb8 27. Qh5 Ref8 28. Ng6+ Kg8 29. Nxf8 Nxf8 30. Re7 Rxe7 31. fxe7 Ng6 32. Qe2 Qc8 33. e8=Q+ 1-0


[Site "https://www.chess.com"]

[Event "Titled Tuesday Blitz July 25 Early 2023"]
[White "Skliarov, Viktor"]
[Black "Harriott, Tyrell"]
[WhiteFideId "14106736"]
[BlackFideId "2086484"]
[WhiteElo "2681"]
[BlackElo "2384"]
[Result "1-0"]
[Round "4"]
[TimeControl "180+2"]
[Date "2023.07.25"]
[WhiteClock "0:00:25"]
[BlackClock "0:00:13"]
[Board "98"]

1. e4 d6 2. d4 Nf6 3. Nc3 Nbd7 4. f3 e5 5. Nge2 Be7 6. Be3 c6 7. g4 h6 8. Qd2 Qa5 9. Ng3 Nb6 10. O-O-O Na4 11. Nxa4 Qxa4 12. Kb1 Be6 13. b3 Qa3 14. Nf5 Bxf5 15. gxf5 O-O-O 16. Rg1 Nh5 17. Bc4 Rhf8 18. Qc3 exd4 19. Bxd4 Bf6 20. Bxf6 gxf6 21. Qe3 b5 22. Be2 Rg8 23. Qxh6 Qc5 24. Rxg8 Rxg8 25. Qxh5 Rg2 26. Bd3 a5 27. Qh8+ Kb7 28. Qxf6 a4 29. bxa4 bxa4 30. Qxf7+ Ka8 31. Qc4 Qb6+ 32. Ka1 a3 33. Qa6+ Qxa6 34. Bxa6 Rxh2 35. Kb1 Rh6 36. c3 Rf6 37. Be2 Kb7 38. Kc2 Kc7 39. Rb1 Rh6 40. Rb3 Rh2 41. Kd2 Rh5 42. Rxa3 d5 43. Ke3 dxe4 44. fxe4 Rh3+ 45. Bf3 Rh2 46. f6 Rh8 47. Ra7+ Kd6 48. Kf4 Ke6 49. e5 Rh4+ 50. Bg4+ Kd5 51. f7 Rh8 52. Re7 Rf8 53. e6 Kd6 54. Re8 c5 55. Rxf8 Ke7 56. Rc8 Kd6 57. f8=Q+ Kd5 58. Bf3+ Kc4 59. Qxc5+ Kd3 60. Qd4+ Kc2 61. Be4+ Kb2 62. c4+ Ka3 63. Qc3+ 1-0


[Site "https://www.chess.com"]

[Event "Titled Tuesday Blitz July 25 Early 2023"]
[White "Koshulyan, Egor A."]
[Black "Andrews, Todd"]
[WhiteFideId "24237000"]
[BlackFideId "2012456"]
[WhiteElo "2677"]
[BlackElo "2358"]
[Result "1-0"]
[Round "4"]
[TimeControl "180+2"]
[Date "2023.07.25"]
[WhiteClock "0:00:15"]
[BlackClock "0:00:07"]
[Board "99"]

1. e4 e6 2. d4 d5 3. e5 c5 4. c3 Nc6 5. Nf3 Bd7 6. Na3 Rc8 7. Nc2 Nge7 8. Bd3 cxd4 9. cxd4 Nf5 10. O-O h6 11. Rb1 a5 12. b3 Be7 13. Bb2 O-O 14. a3 Nh4 15. Nxh4 Bxh4 16. f4 f5 17. exf6 Bxf6 18. Qh5 Be8 19. Qg4 Bf7 20. f5 e5 21. dxe5 Nxe5 22. Bxe5 Bxe5 23. f6 Qb6+ 24. Kh1 Bxf6 25. Qf5 Rfe8 26. Qh7+ Kf8 27. Rxf6 Qxf6 28. Rf1 Qe6 29. Nd4 Qe5 30. Nf3 Qf6 31. Nd2 Qe6 32. Bg6 Rc7 33. Bd3 b6 34. Qh8+ Ke7 35. Qxg7 Kd8 36. Qg3 Kc8 37. Bf5 Kb8 38. Bxe6 Rxe6 39. Rxf7 Re1+ 40. Qxe1 Rxf7 41. Qe5+ Rc7 42. h3 1-0


[Site "https://www.chess.com"]

[Event "Titled Tuesday Blitz July 25 Early 2023"]
[White "Girinath, P.D.S."]
[Black "Oleksiyenko, Mykhaylo"]
[WhiteFideId "5000572"]
[BlackFideId "4152417"]
[WhiteElo "2357"]
[BlackElo "2676"]
[Result "1-0"]
[Round "4"]
[TimeControl "180+2"]
[Date "2023.07.25"]
[WhiteClock "0:00:02"]
[BlackClock "0:00:08"]
[Board "100"]

1. e4 c5 2. Nf3 e6 3. d3 Nc6 4. g3 d5 5. Qe2 Be7 6. Bg2 Nf6 7. O-O b6 8. e5 Nd7 9. c4 d4 10. Ne1 Bb7 11. f4 Qc7 12. Nd2 g5 13. Ne4 gxf4 14. Nd6+ Bxd6 15. exd6 Qxd6 16. Bxf4 Qe7 17. Nf3 O-O-O 18. a3 e5 19. Bg5 f6 20. Bd2 Rde8 21. Nh4 Nd8 22. Nf5 Qe6 23. b4 Rhg8 24. a4 Bxg2 25. Qxg2 e4 26. dxe4 Nb7 27. a5 bxa5 28. bxa5 a6 29. Rab1 Qc6 30. Bf4 Ne5 31. Rb6 Qd7 32. Rfb1 Nxc4 33. Rxb7 Qxb7 34. Rxb7 Kxb7 35. Qa2 Ne5 36. Nd6+ Kc6 37. Nxe8 Rxe8 38. Bxe5 Rxe5 39. Qc4 Rxe4 40. Qxa6+ Kd5 41. Qb7+ Ke5 42. a6 d3 43. Qd7 c4 44. a7 Re1+ 45. Kf2 Ra1 46. Kf3 Ra2 47. Qc7+ Kd4 48. Qb7 d2 49. Qd7+ Kc3 50. Ke2 f5 51. Qd5 Rxa7 52. Qxd2+ Kb3 53. Qe3+ 1-0


[Site "https://www.chess.com"]

[Event "Titled Tuesday Blitz July 25 Early 2023"]
[White "Antal, Gergely"]
[Black "Matko, Ognjen"]
[WhiteFideId "717312"]
[BlackFideId "14509717"]
[WhiteElo "2674"]
[BlackElo "2341"]
[Result "1-0"]
[Round "4"]
[TimeControl "180+2"]
[Date "2023.07.25"]
[WhiteClock "0:00:44"]
[BlackClock "0:00:06"]
[Board "101"]

1. b3 c5 2. Bb2 Nc6 3. Nf3 d6 4. e4 e5 5. Bc4 g6 6. c3 Bg7 7. d4 Nge7 8. dxc5 dxc5 9. Qxd8+ Nxd8 10. Nbd2 O-O 11. a4 b6 12. Nf1 Bb7 13. N3d2 Ne6 14. Ne3 Rad8 15. g3 Ng5 16. f3 Rxd2 17. Kxd2 Nxf3+ 18. Ke2 Bxe4 19. a5 bxa5 20. Rhd1 Nd4+ 21. cxd4 exd4 22. Nf1 d3+ 23. Ke3 Bxb2 24. Kxe4 Bxa1 25. Rxa1 Nc6 26. Kxd3 Rd8+ 27. Kc3 Nb4 28. Ne3 Re8 29. Nd5 Nxd5+ 30. Bxd5 Re2 31. Rxa5 Rxh2 32. Rxa7 Rf2 33. g4 h5 34. gxh5 gxh5 35. Kc4 h4 36. Kxc5 h3 37. Ra1 h2 38. b4 Rc2+ 39. Kb6 Rd2 40. Bc6 Rd4 41. b5 Rg4 42. Rh1 Rh4 43. Kc7 1-0


[Site "https://www.chess.com"]

[Event "Titled Tuesday Blitz July 25 Early 2023"]
[White "Rendle, Thomas E"]
[Black "kiwibobo"]
[WhiteFideId "408760"]
[WhiteElo "2674"]
[BlackElo "2327"]
[Result "1-0"]
[Round "4"]
[TimeControl "180+2"]
[Date "2023.07.25"]
[WhiteClock "0:00:41"]
[BlackClock "0:00:06"]
[Board "102"]

1. Nf3 Nf6 2. b3 g6 3. Bb2 Bg7 4. g3 O-O 5. Bg2 d6 6. d4 b5 7. Nfd2 d5 8. e4 dxe4 9. Nxe4 Nxe4 10. Bxe4 c6 11. O-O Bb7 12. a4 a6 13. c4 bxc4 14. bxc4 Qb6 15. Ra2 c5 16. dxc5 Qc7 17. Bxg7 Kxg7 18. Bxb7 Qxb7 19. Qd4+ f6 20. Rb2 Qc6 21. Nc3 Nd7 22. Ne4 Rad8 23. Qd5 Qxa4 24. Rb7 Rfe8 25. Qe6 Nf8 26. Rxe7+ Kh6 27. Qxf6 Rxe7 28. Qg5+ Kg7 29. Qxe7+ 1-0


[Site "https://www.chess.com"]

[Event "Titled Tuesday Blitz July 25 Early 2023"]
[White "Huynh, Lam Binh Nguyen"]
[Black "Shuvalova, Polina"]
[WhiteFideId "12401633"]
[BlackFideId "24171760"]
[WhiteElo "2313"]
[BlackElo "2666"]
[Result "0-1"]
[Round "4"]
[TimeControl "180+2"]
[Date "2023.07.25"]
[WhiteClock "0:00:22"]
[BlackClock "0:00:06"]
[Board "103"]

1. d4 Nf6 2. Bf4 c5 3. e3 cxd4 4. exd4 d5 5. c3 Nc6 6. Nd2 Bf5 7. Qb3 Qc8 8. Ngf3 e6 9. Nh4 Bg4 10. h3 Bh5 11. g4 Bg6 12. Nxg6 hxg6 13. Bg2 Qd7 14. O-O Bd6 15. Bxd6 Qxd6 16. Qxb7 O-O 17. Qb3 Rfc8 18. Qd1 a5 19. Nb3 Nd7 20. Qe2 Rab8 21. Nc1 a4 22. Nd3 Na5 23. Rab1 Nc4 24. f4 Nf6 25. Ne5 Rb6 26. f5 exf5 27. gxf5 g5 28. Nxc4 Rxc4 29. Qe5 Rc7 30. Rfe1 Rcb7 31. Qxd6 Rxd6 32. b4 Rc6 33. Re3 Rbc7 34. Rc1 Rc4 35. b5 a3 36. b6 Rb7 37. Rb1 Rc6 38. Rb3 Rcxb6 39. Rxa3 Rb1+ 40. Kh2 R7b2 41. Ra8+ Kh7 42. Rg3 Ne4 43. Rg4 Rc1 44. h4 f6 45. hxg5 fxg5 46. f6 gxf6 47. Kh3 Nf2+ 48. Kg3 Nxg4 49. Kxg4 Rxg2+ 50. Kf5 Rf2+ 51. Ke6 Rxc3 52. a4 Ra3 53. Kxd5 Rfa2 54. Ke6 Rxa4 55. Rb8 Rxd4 56. Kxf6 Rf2+ 57. Ke5 Rd7 58. Rb6 Rg7 59. Rb3 Rh2 60. Rg3 g4 61. Kf5 Rh5+ 62. Kf4 Rh6 63. Rg1 Rf6+ 64. Kg3 Rf3+ 65. Kh4 Rh3# 0-1


[Site "https://www.chess.com"]

[Event "Titled Tuesday Blitz July 25 Early 2023"]
[White "Senft, Sean"]
[Black "Danielyan, Vahe"]
[WhiteFideId "2044960"]
[BlackFideId "13304828"]
[WhiteElo "2294"]
[BlackElo "2664"]
[Result "1-0"]
[Round "4"]
[TimeControl "180+2"]
[Date "2023.07.25"]
[WhiteClock "0:00:39"]
[BlackClock "0:01:16"]
[Board "104"]

1. d4 d5 2. c4 c6 3. Nc3 Nf6 4. Nf3 dxc4 5. a4 Bf5 6. Nh4 Bg6 7. Nxg6 hxg6 8. e4 e5 9. d5 Bb4 10. Bxc4 Nxe4 11. Qb3 Qb6 12. O-O Bxc3 13. bxc3 Qxb3 14. Bxb3 c5 15. Re1 Nd6 16. Rxe5+ Kd8 17. Bf4 Nd7 18. Re2 Nf5 19. Rae1 Rc8 20. g4 Nh4 21. Bg5+ f6 22. Bxh4 Rxh4 23. Re8+ Kc7 24. d6+ Kxd6 25. Rxc8 Rxg4+ 26. Kf1 Ne5 27. Rd1+ Ke7 28. Rc7+ Ke8 29. Rxc5 Nf3 30. Rc7 Nxh2+ 31. Ke2 Re4+ 32. Kd3 Rf4 33. Bf7+ Kf8 34. Kc2 Rxf2+ 35. Kb3 1-0


[Site "https://www.chess.com"]

[Event "Titled Tuesday Blitz July 25 Early 2023"]
[White "Haug, Havard"]
[Black "Araujo Filho, Luiz Antonio Coel"]
[WhiteFideId "1547887"]
[BlackFideId "2130661"]
[WhiteElo "2662"]
[BlackElo "2288"]
[Result "1-0"]
[Round "4"]
[TimeControl "180+2"]
[Date "2023.07.25"]
[WhiteClock "0:00:09"]
[BlackClock "0:00:03"]
[Board "105"]

1. e4 c6 2. d4 d5 3. exd5 cxd5 4. Bd3 Nf6 5. c3 Nc6 6. h3 e6 7. Nf3 Be7 8. O-O O-O 9. Re1 a6 10. a4 Bd7 11. Nbd2 Rc8 12. Ne5 Na5 13. Ndf3 Nc4 14. Bxc4 dxc4 15. Bg5 h6 16. Bxf6 Bxf6 17. Qe2 b5 18. axb5 axb5 19. Ra7 Bc6 20. Nxc6 Rxc6 21. Qe4 Qb6 22. Rea1 Rc7 23. Ra8 Rcc8 24. Rxc8 Rxc8 25. Ra8 Rxa8 26. Qxa8+ Kh7 27. Nd2 g6 28. Ne4 Kg7 29. Nxf6 Kxf6 30. Qh8+ Ke7 31. Qxh6 b4 32. Qg5+ Ke8 33. Qe5 bxc3 34. bxc3 Qb1+ 35. Kh2 Qb2 36. Qe3 Kf8 37. g3 Qc2 38. Kg2 Kg8 39. h4 Kf8 40. Kf3 Qf5+ 41. Kg2 Qc2 42. g4 Kg8 43. h5 gxh5 44. gxh5 Qf5 45. Qf3 Qc2 46. Qf6 Qxc3 47. h6 Kf8 48. Qd8# 1-0


[Site "https://www.chess.com"]

[Event "Titled Tuesday Blitz July 25 Early 2023"]
[White "Manelyuk, Daniil"]
[Black "Torres Hernandez, Leslie Carolin"]
[WhiteFideId "44173920"]
[BlackFideId "8400504"]
[WhiteElo "2650"]
[BlackElo "2269"]
[Result "1-0"]
[Round "4"]
[TimeControl "180+2"]
[Date "2023.07.25"]
[WhiteClock "0:01:10"]
[BlackClock "0:00:05"]
[Board "106"]

1. e4 c5 2. Nf3 d6 3. d4 cxd4 4. Nxd4 Nf6 5. Nc3 a6 6. f3 e5 7. Nb3 Be7 8. Be3 O-O 9. Qd2 Be6 10. g4 Nbd7 11. O-O-O b5 12. g5 Nh5 13. Kb1 Qc7 14. Nd5 Bxd5 15. exd5 Nb6 16. Na5 Nxd5 17. Qxd5 Qxa5 18. Bh3 Qb4 19. Bg4 Nf4 20. Bxf4 Qxf4 21. h4 Kh8 22. Qb7 Rfe8 23. Bd7 Reb8 24. Qc7 Bf8 25. Bc6 Rc8 26. Qd7 Rd8 27. Qb7 Rac8 28. Bd5 Rc5 29. Qxa6 Kg8 30. Qb7 Rdc8 31. Bb3 d5 32. Rxd5 Qxf3 33. Rd7 Qxb7 34. Rxb7 R8c7 35. Rxc7 Rxc7 36. Re1 Bd6 37. Rd1 Bf8 38. Rd5 e4 39. Kc1 e3 40. Kd1 Re7 41. Ke2 Re4 42. Rf5 Rxh4 43. Bxf7+ Kh8 44. Bb3 Bb4 45. Rxb5 h6 46. gxh6 gxh6 47. Kxe3 Kg7 48. a4 Kf6 49. a5 Bd6 50. a6 Rh3+ 51. Kd4 Rh4+ 52. Kd5 Rh5+ 53. Kxd6 Rxb5 54. Kc6 Ra5 55. Kb6 Ra1 56. Bd5 h5 57. a7 h4 58. a8=Q Rxa8 59. Bxa8 1-0


[Site "https://www.chess.com"]

[Event "Titled Tuesday Blitz July 25 Early 2023"]
[White "Martic, Ivan"]
[Black "Sankalan Shah"]
[WhiteFideId "929301"]
[BlackFideId "25600362"]
[WhiteElo "2631"]
[BlackElo "2217"]
[Result "1-0"]
[Round "4"]
[TimeControl "180+2"]
[Date "2023.07.25"]
[WhiteClock "0:02:13"]
[BlackClock "0:01:48"]
[Board "107"]

1. e4 c5 2. Nc3 Nc6 3. f4 g6 4. Nf3 Bg7 5. Bb5 Nd4 6. Nxd4 cxd4 7. Ne2 a6 8. Bc4 b5 9. Bb3 Bb7 10. d3 f5 11. O-O fxe4 12. dxe4 Bxe4 13. Nxd4 Qb6 14. Be3 Nf6 15. Nf5 Qb7 16. Nxg7+ Kf8 17. Qd2 Kxg7 18. f5 Bxf5 19. Bh6# 1-0


[Site "https://www.chess.com"]

[Event "Titled Tuesday Blitz July 25 Early 2023"]
[White "Luxama, Jacques Muller"]
[Black "Khusenkhojaev, Muhammad"]
[WhiteFideId "11900113"]
[BlackFideId "14700247"]
[WhiteElo "2192"]
[BlackElo "2630"]
[Result "1-0"]
[Round "4"]
[TimeControl "180+2"]
[Date "2023.07.25"]
[WhiteClock "0:01:43"]
[BlackClock "0:01:47"]
[Board "108"]

1. e4 c5 2. Nf3 d6 3. Bb5+ Bd7 4. Bxd7+ Qxd7 5. O-O Nc6 6. c3 Nf6 7. Re1 e6 8. d4 cxd4 9. cxd4 d5 10. e5 Ne4 11. a3 Be7 12. Qd3 O-O 13. Nbd2 Nxd2 14. Bxd2 a5 15. h4 h6 16. g4 f5 17. exf6 Rxf6 18. g5 hxg5 19. hxg5 Rf5 20. Kg2 Raf8 21. Rh1 e5 22. dxe5 Qe6 23. Rae1 d4 24. Rh3 Qd5 25. Qe4 Qxe4 26. Rxe4 Bc5 27. e6 g6 28. Reh4 1-0


[Site "https://www.chess.com"]

[Event "Titled Tuesday Blitz July 25 Early 2023"]
[White "Nan M K Khine Hlyan"]
[Black "Lenaerts, Lennert"]
[WhiteFideId "13002899"]
[BlackFideId "211435"]
[WhiteElo "1735"]
[BlackElo "2621"]
[Result "0-1"]
[Round "4"]
[TimeControl "180+2"]
[Date "2023.07.25"]
[WhiteClock "0:01:11"]
[BlackClock "0:02:20"]
[Board "109"]

1. e4 e5 2. Nf3 Nc6 3. Bb5 g6 4. c3 d6 5. d4 Bd7 6. Bxc6 Bxc6 7. dxe5 dxe5 8. Qxd8+ Rxd8 9. Nbd2 f6 10. O-O a5 11. Re1 Bc5 12. Nf1 Ne7 13. Be3 Bxe3 14. Rxe3 Kf7 15. Rae1 Rd7 16. N3d2 Rhd8 17. Nc4 b6 18. Rf3 Ke6 19. Rh3 h5 20. Rhe3 Bb5 21. Ncd2 Rxd2 22. Nxd2 Rxd2 23. b3 Rxa2 24. c4 Bc6 25. R3e2 Rxe2 26. Rxe2 Nc8 27. f3 Nd6 28. Rd2 Nb7 29. Kf2 Nc5 30. Rb2 f5 31. exf5+ gxf5 32. b4 Nd3+ 33. Ke3 Nxb2 0-1


[Site "https://www.chess.com"]

[Event "Titled Tuesday Blitz July 25 Early 2023"]
[White "Maghsoodloo, Parham"]
[Black "Fontaine, Quentin"]
[WhiteFideId "12539929"]
[BlackFideId "230804"]
[WhiteElo "2925"]
[BlackElo "2490"]
[Result "1-0"]
[Round "4"]
[TimeControl "180+2"]
[Date "2023.07.25"]
[WhiteClock "0:01:16"]
[BlackClock "0:00:03"]
[Board "110"]

1. e4 e5 2. Nf3 Nc6 3. Bb5 a6 4. Ba4 Nf6 5. O-O d6 6. Re1 g6 7. c3 Bd7 8. d4 Bg7 9. Nbd2 O-O 10. Nf1 exd4 11. cxd4 b5 12. Bc2 Bg4 13. Be3 Nh5 14. d5 Ne5 15. N1d2 Qf6 16. Rb1 Nxf3+ 17. Nxf3 Bxf3 18. Qxf3 Qxf3 19. gxf3 Be5 20. a4 b4 21. a5 Rfc8 22. Ba4 Rab8 23. Rec1 b3 24. Bd7 Rd8 25. Rxc7 Nf4 26. Bxf4 Bxf4 27. Bc6 Bd2 28. Ra1 Rb4 29. Ra7 Rd4 30. Rxa6 Bb4 31. Rb6 Bc5 32. Rxb3 Rd2 33. Rf1 f5 34. a6 fxe4 35. fxe4 Rf8 36. Rb5 Bd4 37. Kh1 Bxf2 38. Rb7 Bd4 39. Rxf8+ Kxf8 40. a7 Rd1+ 41. Kg2 Ra1 42. Rb8+ 1-0


[Site "https://www.chess.com"]

[Event "Titled Tuesday Blitz July 25 Early 2023"]
[White "Lehtosaari, Mauri"]
[Black "Svane, Frederik"]
[WhiteFideId "501999"]
[BlackFideId "12923044"]
[WhiteElo "2485"]
[BlackElo "2922"]
[Result "0-1"]
[Round "4"]
[TimeControl "180+2"]
[Date "2023.07.25"]
[WhiteClock "0:00:06"]
[BlackClock "0:01:05"]
[Board "111"]

1. d4 c6 2. c4 Nf6 3. Nc3 d5 4. cxd5 Nxd5 5. e4 Nxc3 6. bxc3 e5 7. Nf3 Bg4 8. Be2 Bxf3 9. Bxf3 Nd7 10. O-O Bd6 11. Be3 O-O 12. Qb3 Qc7 13. g3 b5 14. a4 a6 15. Rfd1 Rab8 16. Bg2 c5 17. axb5 c4 18. Qa2 axb5 19. Bf1 exd4 20. cxd4 Rfc8 21. e5 Bf8 22. Rdc1 Nb6 23. Bg2 b4 24. d5 Qxe5 25. Bxb6 Rxb6 26. Re1 Qf6 27. Qa7 b3 28. Bh3 Rcb8 0-1


[Site "https://www.chess.com"]

[Event "Titled Tuesday Blitz July 25 Early 2023"]
[White "Salman, Pavel"]
[Black "Molina, Roberto Junio Brito"]
[WhiteFideId "24153753"]
[BlackFideId "2109450"]
[WhiteElo "2483"]
[BlackElo "2878"]
[Result "1-0"]
[Round "4"]
[TimeControl "180+2"]
[Date "2023.07.25"]
[WhiteClock "0:00:10"]
[BlackClock "0:00:02"]
[Board "112"]

1. Nf3 c6 2. g3 d5 3. Bg2 Bg4 4. h3 Bh5 5. d3 Nd7 6. O-O e6 7. e4 Bd6 8. Qe1 Ne7 9. Be3 O-O 10. Nbd2 c5 11. c3 Rc8 12. Nh4 f6 13. f4 Bf7 14. Kh1 Qb6 15. b4 Qa6 16. bxc5 Nxc5 17. Bxc5 Bxc5 18. d4 Bb6 19. Qe3 Ba5 20. Rac1 Rc7 21. Nb3 Bb6 22. Rf2 Rfc8 23. e5 f5 24. g4 Bg6 25. Nxg6 hxg6 26. Qg3 Kf7 27. Bf1 Qa4 28. Rg2 fxg4 29. hxg4 Rh8+ 30. Kg1 Qe8 31. Bd3 Qg8 32. f5 gxf5 33. gxf5 exf5 34. Bxf5 Rc6 35. e6+ Ke8 36. Bg6+ Kd8 37. Bf7 Qh7 38. Qb8+ Nc8 39. Qe5 Qh1+ 40. Kf2 Qh4+ 41. Ke2 Bc7 42. Qxd5+ Rd6 43. Qg5+ Qxg5 44. Rxg5 Ra6 45. Rxg7 Rxa2+ 46. Kd3 Bd6 47. Rg8+ Rxg8 48. Bxg8 b6 49. Bf7 Be7 50. Rh1 Nd6 51. Rh8+ Kc7 52. Nd2 Ra1 53. Kc2 Re1 54. Nf3 Rf1 55. Ne5 Rf5 56. Bg6 Rf2+ 57. Kb3 Nb5 58. Rh7 1-0


[Site "https://www.chess.com"]

[Event "Titled Tuesday Blitz July 25 Early 2023"]
[White "Kushagra Mohan"]
[Black "Onufrienko, Vladislav"]
[WhiteFideId "25033638"]
[BlackFideId "13804332"]
[WhiteElo "2855"]
[BlackElo "2485"]
[Result "1-0"]
[Round "4"]
[TimeControl "180+2"]
[Date "2023.07.25"]
[WhiteClock "0:00:42"]
[BlackClock "0:00:01"]
[Board "113"]

1. e4 Nf6 2. e5 Nd5 3. d4 d6 4. Nf3 dxe5 5. Nxe5 Nd7 6. Nf3 N7f6 7. Be2 Bf5 8. O-O e6 9. c4 Nb4 10. Nc3 Nc2 11. Rb1 Nb4 12. Ra1 Nc2 13. Nh4 Nxd4 14. Nxf5 Nxf5 15. Qb3 Nd4 16. Qxb7 Rb8 17. Qa6 Bb4 18. Qa4+ c6 19. Bd1 O-O 20. Be3 Bc5 21. a3 e5 22. b4 Bd6 23. c5 Bc7 24. h3 Nd5 25. Nxd5 Qxd5 26. Qxa7 Rfc8 27. Qa6 f5 28. Bxd4 Qxd4 29. Qe2 Kh8 30. Bc2 e4 31. Rad1 Qe5 32. g3 Ra8 33. Qe3 Rf8 34. Rd7 Bb8 35. Rfd1 Qb2 36. Bb3 Qxa3 37. Rf7 Be5 38. Rdd7 Rxf7 39. Rxf7 Re8 40. Rxf5 Bf6 41. b5 cxb5 42. c6 Rd8 43. c7 Rc8 44. Rc5 1-0


[Site "https://www.chess.com"]

[Event "Titled Tuesday Blitz July 25 Early 2023"]
[White "Putnam, Liam"]
[Black "Erzhanov, Arman"]
[WhiteFideId "30938279"]
[BlackFideId "4138821"]
[WhiteElo "2802"]
[BlackElo "2482"]
[Result "1-0"]
[Round "4"]
[TimeControl "180+2"]
[Date "2023.07.25"]
[WhiteClock "0:02:09"]
[BlackClock "0:00:43"]
[Board "114"]

1. h4 d5 2. a4 c5 3. Nf3 Nc6 4. d3 e5 5. Nbd2 Bg4 6. e4 Nf6 7. Be2 Be7 8. exd5 Qxd5 9. Nc4 O-O-O 10. Ne3 Qd7 11. Nxg4 Nxg4 12. Ng5 Nh6 13. Nxf7 Kb8 14. Nxh8 Rxh8 15. Bxh6 gxh6 16. Bf3 Nd4 17. c3 Ne6 18. Bg4 Qd5 19. Bxe6 Qxe6 20. Qe2 Rg8 21. g3 Bd6 22. Kf1 c4 23. Rd1 cxd3 24. Qxd3 Bc7 25. Qxh7 Rf8 26. Qe4 Bb6 27. Rd2 a6 28. Kg2 Ka7 29. Rhd1 Rf5 30. b4 Qf7 31. f3 a5 32. Rd7 Qe6 33. Qxb7# 1-0


[Site "https://www.chess.com"]

[Event "Titled Tuesday Blitz July 25 Early 2023"]
[White "Kosteniuk, Alexandra"]
[Black "Michalczak, Thomas"]
[WhiteFideId "4128125"]
[BlackFideId "4622634"]
[WhiteElo "2771"]
[BlackElo "2476"]
[Result "1-0"]
[Round "4"]
[TimeControl "180+2"]
[Date "2023.07.25"]
[WhiteClock "0:01:24"]
[BlackClock "0:00:39"]
[Board "115"]

1. e4 e5 2. Nf3 Nc6 3. Bc4 Nf6 4. d4 exd4 5. e5 d5 6. Bb5 Nd7 7. O-O Be7 8. Bxc6 bxc6 9. Nxd4 Nb8 10. Qf3 Qd7 11. h3 c5 12. Ne2 a5 13. Rd1 Bb7 14. Nbc3 c6 15. Ng3 O-O 16. Nf5 Qe6 17. Qg4 g6 18. Nxe7+ Qxe7 19. Re1 f5 20. Qg3 d4 21. Na4 Nd7 22. e6 Nf6 23. Bg5 Rae8 24. Qe5 Kg7 25. Nxc5 h6 26. Bxf6+ Rxf6 27. Qxd4 Bc8 28. Nd7 1-0


[Site "https://www.chess.com"]

[Event "Titled Tuesday Blitz July 25 Early 2023"]
[White "Wagner, Dennis"]
[Black "Yeritsyan, Hayk"]
[WhiteFideId "24650684"]
[BlackFideId "13307320"]
[WhiteElo "2758"]
[BlackElo "2470"]
[Result "1-0"]
[Round "4"]
[TimeControl "180+2"]
[Date "2023.07.25"]
[WhiteClock "0:00:10"]
[BlackClock "0:00:03"]
[Board "116"]

1. d4 Nf6 2. Nf3 g6 3. c4 Bg7 4. Nc3 O-O 5. e4 d6 6. Be2 e5 7. O-O Nc6 8. d5 Ne7 9. b4 Nh5 10. Re1 Nf4 11. Bf1 f5 12. a4 h6 13. a5 a6 14. Ra2 fxe4 15. Nxe4 Nf5 16. g3 Nh5 17. g4 Nh4 18. Nxh4 Qxh4 19. gxh5 Bg4 20. Be2 Bh3 21. Qd3 Bf5 22. Bf1 Qxh5 23. Qg3 g5 24. Bg2 Rf7 25. c5 Rd8 26. cxd6 cxd6 27. Rc2 Qg6 28. Rc4 Rdf8 29. Be3 Rd7 30. Rec1 Kh7 31. h4 g4 32. Qh2 Kh8 33. h5 Qf7 34. Ng3 Bh7 35. Be4 Bxe4 36. Nxe4 Qf5 37. Ng3 Qf3 38. Qg2 Qf7 39. Rxg4 Bf6 40. Bxh6 Re8 41. Rg6 Rdd8 42. Ne4 Rg8 43. Nxf6 Rxg6 44. Qxg6 Qe7 45. Bg5 Rf8 46. Qh6+ 1-0


[Site "https://www.chess.com"]

[Event "Titled Tuesday Blitz July 25 Early 2023"]
[White "Estrada Nieto, Julian"]
[Black "Mahdavi, Reza"]
[WhiteFideId "5101018"]
[BlackFideId "12595926"]
[WhiteElo "2453"]
[BlackElo "2732"]
[Result "0-1"]
[Round "4"]
[TimeControl "180+2"]
[Date "2023.07.25"]
[WhiteClock "0:00:02"]
[BlackClock "0:00:35"]
[Board "117"]

1. e4 c5 2. Nf3 d6 3. Bb5+ Nd7 4. d4 cxd4 5. Qxd4 a6 6. Bxd7+ Qxd7 7. Nc3 e5 8. Qd3 Qc6 9. a4 Be6 10. Nd5 Ne7 11. c4 h6 12. O-O f5 13. Rd1 fxe4 14. Qxe4 Bxd5 15. cxd5 Qd7 16. Nh4 g5 17. Ng6 Nxg6 18. Qxg6+ Qf7 19. Qxf7+ Kxf7 20. Be3 Be7 21. Rac1 Rhc8 22. Kf1 Kg6 23. g4 h5 24. h3 Bf6 25. Ke2 e4 26. b3 Bb2 27. Rb1 Be5 28. Rbc1 Bb2 29. Rb1 Rc2+ 30. Rd2 Rxd2+ 31. Kxd2 Ba3 32. Rg1 h4 33. Ra1 Bb4+ 34. Kd1 Rf8 35. Ke2 Rf3 36. Rh1 Bc3 37. Rh2 Be5 38. Rh1 b5 39. Kf1 bxa4 40. bxa4 Rf8 41. Kg2 Rc8 42. Rc1 Rxc1 43. Bxc1 Bd4 44. Kf1 Kf6 45. Ke2 Be5 46. Be3 Bc3 47. Kd1 Ke5 48. Bxg5 Kxd5 49. Bxh4 Kc4 50. Kc2 d5 51. Bg5 d4 52. h4 d3+ 53. Kd1 Kb3 54. h5 Kxa4 0-1


[Site "https://www.chess.com"]

[Event "Titled Tuesday Blitz July 25 Early 2023"]
[White "Volovich, Vasily"]
[Black "Itkis, Boris"]
[WhiteFideId "34169676"]
[BlackFideId "1209167"]
[WhiteElo "2723"]
[BlackElo "2450"]
[Result "0-1"]
[Round "4"]
[TimeControl "180+2"]
[Date "2023.07.25"]
[WhiteClock "0:00:34"]
[BlackClock "0:01:42"]
[Board "118"]

1. e4 e6 2. d4 d5 3. Bd3 c5 4. exd5 exd5 5. Nf3 Nf6 6. O-O c4 7. Re1+ Be7 8. Bf1 O-O 9. b3 cxb3 10. axb3 Nc6 11. c3 Bf5 12. Nbd2 h6 13. b4 a6 14. Nb3 Bd6 15. Nc5 Qc7 16. h3 Ne4 17. Nxe4 Bxe4 18. Be3 f5 19. Qb3 Kh8 20. Bc1 Bxf3 21. gxf3 Qf7 22. Bg2 f4 23. Bd2 Ne7 24. Ra5 Rae8 25. b5 Bc7 26. Raa1 Nf5 27. bxa6 bxa6 28. Rxa6 Rxe1+ 29. Bxe1 Re8 30. Bd2 Nh4 31. Qb7 Qf5 32. Qxc7 Qg5 0-1


[Site "https://www.chess.com"]